 Dungeon Crawl Stone Soup version 0.28-a0-1518-gbe868bca14 (webtiles) character file.

Game seed: 7111479637675794200

9044 Essalna the Geomancer (level 11, -4/63 HPs)
             Began as a Gargoyle Earth Elementalist on Jan 17, 2022.
             Was an Elder of Hepliaklqana.
             Slain by Azrael (14 damage)
             ... on level 1 of the Orcish Mines.
             The game lasted 00:25:19 (13474 turns).

Essalna the Geomancer (GrEE)                       Turns: 13474, Time: 00:25:19

Health: -4/63      AC: 17    Str: 12    XL:     11   Next: 40%
Magic:  28/33      EV: 13    Int: 20    God:    Hepliaklqana [****..]
Gold:   1389       SH:  0    Dex: 16    Spells: 20/28 levels left

rFire   . . .      SeeInvis .   g - staff of conjuration
rCold   . . .      Faith    .   (no shield)
rNeg    + . .      Spirit   .   l - +0 steam dragon scales
rPois   ∞          Reflect  .   I - +0 helmet
rElec   +          Harm     .   p - +0 cloak
rCorr   .          Rampage  .   (no gloves)
Will    .....                   m - +0 pair of boots
Stlth   ++........              (no amulet)
HPRegen 0.20/turn               C - ring of magical power
MPRegen 0.23/turn               E - +6 ring of dexterity

@: no status effects
A: reduced essence, sickness immunity, AC +8, negative energy resistance 1,
electricity resistance, torment resistance 1, petrification resistance
a: Renounce Religion, Recall Ancestor, Ancestor Identity, Transference, Idealise


You were on level 1 of the Orcish Mines.
You worshipped Hepliaklqana.
Hepliaklqana was greatly pleased with you.
You visited 3 branches of the dungeon, and saw 12 of its levels.
You also visited: Bailey.

You collected 1389 gold pieces.

Inventory:

Hand Weapons
 e - a +0 whip
 f - a +2 dagger of speed
 B - the +8 quarterstaff "Xupleat" {vorpal, Will++}
   (You took it off a kobold in a bailey)

   It inflicts extra damage upon your enemies.
   Will:      It greatly increases your willpower.
Missiles
 a - 6 atropa-tipped darts
 c - 176 stones
 i - 10 curare-tipped darts
Armour
 b - a +0 robe
 l - +0 steam dragon scales (worn)
 m - a +0 pair of boots (worn)
 p - a +0 cloak (worn)
 I - a +0 helmet (worn)
Magical Staves
 g - a staff of conjuration (weapon)
Jewellery
 C - a ring of magical power (left hand)
 E - a +6 ring of dexterity (right hand)
 H - a ring of see invisible
Wands
 y - a wand of polymorph (16)
Scrolls
 h - 2 scrolls of teleportation
 k - 8 scrolls of identify
 n - 2 scrolls of blinking {unknown}
 o - 2 scrolls of amnesia {unknown}
 q - 2 scrolls of noise {unknown}
 s - 2 scrolls of enchant weapon {unknown}
 t - a scroll of enchant armour {unknown}
 x - 2 scrolls of vulnerability {unknown}
 D - a scroll of immolation {unknown}
Potions
 d - 5 potions of flight
 j - 3 potions of haste {unknown}
 r - a potion of ambrosia {unknown}
 u - 5 potions of curing {unknown}
 v - a potion of attraction {unknown}
 w - a potion of heal wounds
 z - a potion of lignification {unknown}
 A - a potion of cancellation {unknown}
 F - a potion of brilliance {unknown}
 G - a potion of degeneration {unknown}


   Skills:
 + Level 9.3 Fighting
 + Level 2.9 Armour
 + Level 2.9 Dodging
 - Level 2.1 Stealth
 + Level 9.3 Spellcasting
 - Level 5.0 Conjurations
 - Level 0.7 Transmutations
 + Level 12.2 Earth Magic


You had 20 spell levels left.
You knew the following spells:

 Your Spells              Type           Power      Damage    Failure   Level
a - Sandblast             Erth           100%       2d20      1%          1
b - Stone Arrow           Conj/Erth      100%       3d13      1%          3
c - Passwall              Tmut/Erth      29%        N/A       1%          2
d - Blink                 Tloc           18%        N/A       11%         2

Your spell library contained the following spells:

 Spells                   Type           Power      Damage    Failure   Level
 Static Discharge         Conj/Air       29%        N/A       4%          2
 Petrify                  Tmut/Erth      35%        N/A       4%          4
 Beastly Appendage        Tmut           24%        N/A       5%          1
 Summon Small Mammal      Summ           36%        N/A       8%          1
 Dazzling Flash           Conj/Hex       58%        N/A       8%          3
 Wereblood                Tmut           12%        N/A       9%          2
 Ensorcelled Hibernation  Hex/Ice        18%        N/A       11%         2
 Spider Form              Tmut/Pois      10%        N/A       19%         3
 Call Canine Familiar     Summ           9%         N/A       22%         3
 Lesser Beckoning         Tloc           9%         N/A       22%         3
 Summon Guardian Golem    Hex/Summ       9%         N/A       22%         3
 Swiftness                Air            9%         N/A       22%         3
 Sticky Flame             Conj/Fire      29%        2d5       26%         4
 Dispel Undead            Necr           9%         3d8       58%         4
 Agony                    Necr           9%         N/A       90%         5
 Manifold Assault         Tloc           9%         N/A       90%         5
 Silence                  Hex/Air        4%         N/A       90%         5
 Summon Forest            Summ/Tloc      4%         N/A       90%         5
 Summon Mana Viper        Hex/Summ       9%         N/A       90%         5
 Summon Cactus Giant      Summ           4%         N/A       100%        6


Dungeon Overview and Level Annotations

Branches:
Dungeon (9/15)             Temple (1/1) D:4             Orc (2/2) D:9
 Bailey (visited)
   Lair: D:8-11         Elf: Orc:2

Altars:
Ashenzari
Dithmenos
Gozag
Hepliaklqana
Kikubaaqudgha
Uskayaw
Xom
The Shining One

Shops:
D:4 (   Orc:1 *

Annotations:
Orc:1 Azrael
Orc:2 Donald


Innate Abilities, Weirdness & Mutations

Your life essence is reduced to manifest your ancestor. (-10% HP)
You are immune to sickness and miasma.
Your stone body is resilient. (AC +8)
You are immune to poison.
You resist negative energy. (rN+)
You are resistant to electric shocks. (rElec)
You are resistant to unholy torment.
You are immune to petrification.


Message History

Items here: )) [[ ÷.
There is a stone staircase leading down here.
You climb downwards.
Level annotation: Donald The hell hound breathes flames at you.
The blast of flame misses you. The fire elemental closely misses you.
Found 82 gold pieces.
There is a stone staircase leading up here.
The hell hound barks!
The fire elemental hits you. The fire elemental burns you!
The fire elemental hits you. The fire elemental burns you!
The hell hound bites you but does no damage.
The fire elemental misses you. The hell hound closely misses you.
You climb upwards.
There is a stone staircase leading down here.
The hell hound closely misses you. The fire elemental barely misses you.
You climb downwards.
Level annotation: Azrael, Donald The orc warrior shouts!
You hear a shout!
The fire elemental hits you. The fire elemental burns you!
The hell hound breathes flames at you. The blast of flame hits you!
Azrael misses you. The fire elemental barely misses you.
There is a stone staircase leading up here.
The hell hound bites you. The fire elemental hits you.
The fire elemental burns you!
* * * LOW HITPOINT WARNING * * *
The fire elemental barely misses you. Azrael closely misses you.
The fire elemental completely misses you.
The hell hound barely misses you.
You climb upwards.
There is a stone staircase leading down here.
You feel much better. The fire elemental hits you.
The fire elemental burns you! The fire elemental hits you.
The fire elemental burns you! The hell hound bites you!
* * * LOW HITPOINT WARNING * * *
The fire elemental hits you. The fire elemental burns you!
* * * LOW HITPOINT WARNING * * *
Azrael hits you with a +1 scimitar of flaming!
You die...

##....###.#####
#....).#...#..###
##.#............#####
####............##.##
#####...##...#...#...#
##.##.....#..........##
#...............#....##
####.........REE####....#
##..#..........@E..#.....#
#....#.#.......h........##
##......##................#
#...#....................##
#.......#.........[....###
##.##...................#
####..............#....#
#...#......[)[.####..##
##......[......####...#


You could see Azrael, 3 fire elementals and a hell hound.

Vanquished Creatures
  A cyclops (Orc:1)
  A troll (D:9)
  Grinder (D:3)
  A hornet (D:8)
  5 yaks (D:9)
  A wraith (D:8)
  2 steam dragons (D:7)
  Menkaure (D:4)
  4 wargs (D:9)
  Edmund (D:4)
  A water moccasin (D:5)
  An ice beast (D:6)
  A sky beast (D:7)
  A black bear (D:4)
  16 orc warriors
  8 centaurs
  5 ogres
  2 phantoms
  A kobold brigand (D:6)
  Blork the orc (D:4)
  5 bullfrogs
  2 gnoll sergeants (D:9)
  3 scorpions
  A wyvern zombie (D:8)
  A wyvern skeleton (D:6)
  A water moccasin zombie (D:7)
  7 wights
  4 electric eels (D:6)
  A howler monkey (D:6)
  A lava snake (D:8)
  A centaur zombie (D:8)
  2 hounds
  A jelly (D:8)
  10 orc priests
  A centaur skeleton (D:5)
  6 iguanas
  A bullfrog skeleton (D:6)
  3 orc wizards
  Terence (D:3)
  2 howler monkey zombies
  10 gnolls
  2 adders
  A white imp (D:5)
  An ufetubus (D:5)
  3 worms
  13 dart slugs
  30 orcs
  4 endoplasms
  4 giant cockroaches
  9 goblins
  5 hobgoblins
  3 quokkas
  7 ball pythons
  5 bats
  3 frilled lizards
  24 kobolds
  8 rats
241 creatures vanquished.

Vanquished Creatures (collateral kills)
  A gargoyle (D:9)
  A steam dragon (D:9)
  An orc warrior (Orc:1)
  2 orc priests
  4 orc wizards
  3 gnolls (D:9)
  A dart slug (D:6)
  2 orcs
  A goblin (Bailey)
  A kobold (Bailey)
17 creatures vanquished.

Vanquished Creatures (others)
  2 ancestors
2 creatures vanquished.

Grand Total: 260 creatures vanquished

Notes
Turn   | Place    | Note
-------+----------+-------------------------------------------
     0 | D:1      | Essalna the Gargoyle Earth Elementalist began the quest for
                  | the Orb.
     0 | D:1      | Reached XP level 1. HP: 10/10 MP: 3/3
   211 | D:1      | Reached skill level 4 in Earth Magic
   211 | D:1      | Reached XP level 2. HP: 15/15 MP: 3/5
   622 | D:1      | Reached XP level 3. HP: 16/19 MP: 6/6
   626 | D:1      | Learned a level 3 spell: Stone Arrow
  1415 | D:2      | Reached skill level 1 in Conjurations
  1649 | D:2      | Reached XP level 4. HP: 23/24 MP: 8/8
  2135 | D:3      | Noticed Terence
  2372 | D:3      | Learned a level 2 spell: Passwall
  2553 | D:3      | Reached skill level 5 in Earth Magic
  2571 | D:3      | Found a faded altar of an unknown god.
  2664 | D:4      | Noticed a black bear
  2670 | D:4      | Killed a black bear
  2671 | D:4      | Reached XP level 5. HP: 25/28 MP: 2/10
  2745 | D:4      | Noticed an ogre
  2747 | D:4      | Noticed a phantom
  2753 | D:4      | Killed a phantom
  2754 | D:4      | Reached XP level 6. HP: 32/32 MP: 6/11
  2913 | D:3      | Killed Terence
  2914 | D:3      | Reached skill level 6 in Earth Magic
  2972 | D:3      | Found an ancient bone altar of Kikubaaqudgha.
  3282 | D:3      | Noticed Grinder
  3284 | D:3      | Killed Grinder
  3285 | D:3      | Reached XP level 7. HP: 36/36 MP: 6/13
  3572 | D:4      | Found a staircase to the Ecumenical Temple.
  3586 | D:4      | Noticed Edmund
  3595 | Temple   | Entered the Ecumenical Temple
  3649 | Temple   | Became a worshipper of Hepliaklqana the Forgotten
  3707 | D:5      | Entered Level 5 of the Dungeon
  3796 | D:5      | Reached skill level 7 in Earth Magic
  3884 | D:5      | Reached skill level 1 in Fighting
  3884 | D:5      | Reached skill level 5 in Spellcasting
  3938 | D:5      | Reached skill level 5 in Conjurations
  3938 | D:5      | Reached XP level 8. HP: 44/44 MP: 5/15
  4204 | D:4      | Found Taifoad's Antique Weapon Emporium.
  4599 | D:4      | Killed Edmund
  4743 | D:4      | Noticed Menkaure
  4746 | D:4      | Killed Menkaure
  4796 | D:4      | Noticed Blork the orc
  4799 | D:4      | Killed Blork the orc
  4800 | D:4      | Reached skill level 8 in Earth Magic
  5539 | D:6      | Reached * piety under Hepliaklqana
  5618 | D:6      | Reached XP level 9. HP: 46/46 MP: 9/18
  6022 | D:6      | Reached skill level 5 in Fighting
  6022 | D:6      | Reached skill level 9 in Earth Magic
  7240 | D:7      | Found a flagged portal.
  7247 | Bailey   | Entered a bailey
  7378 | Bailey   | Identified the +8 quarterstaff "Xupleat" {vorpal, Will++}
  7889 | Bailey   | Reached skill level 10 in Earth Magic
  8218 | D:7      | Reached XP level 10. HP: 54/54 MP: 17/21
  8353 | D:7      | Reached ** piety under Hepliaklqana
  8354 | D:7      | Remembered your ancestor Audrea as a knight
  8972 | D:7      | Learned a level 2 spell: Blink
  9911 | D:8      | Reached skill level 11 in Earth Magic
  9972 | D:8      | Reached *** piety under Hepliaklqana
 10776 | D:9      | Noticed a gargoyle
 10779 | D:9      | Killed a gargoyle
 11131 | D:9      | Reached XP level 11. HP: 62/62 MP: 23/23
 11136 | D:9      | Reached skill level 1 in Armour
 11345 | D:9      | Reached skill level 12 in Earth Magic
 11485 | D:9      | Found a staircase to the Orcish Mines.
 11935 | Orc:1    | Entered Level 1 of the Orcish Mines
 12146 | Orc:1    | Found Attu's Assorted Antiques.
 12770 | Orc:1    | Noticed a cyclops
 12784 | Orc:1    | Killed a cyclops
 13063 | Orc:1    | Reached **** piety under Hepliaklqana
 13395 | Orc:2    | Entered Level 2 of the Orcish Mines
 13395 | Orc:2    | Noticed an orc sorcerer
 13402 | Orc:2    | Noticed Donald
 13466 | Orc:2    | Noticed Azrael
 13474 | Orc:1    | Slain by Azrael

Illustrated notes

Levels and vault maps discovered:
D:1:      minmay_arrival_four_houses, layout_loops_ring, serial_aquarium,
          aquarium_bridge_square [aquarium_subvault_bridge,
          aquarium_subvault_balcony, aquarium_subvault_wall,
          aquarium_subvault_wall], aquarium_window_fake,
          aquarium_window_corridor_1, aquarium_window_1, aquarium_view_2d,
          aquarium_view_2e, aquarium_pool_S
D:2:      layout_loops_ring
D:3:      layout_rooms, lemuel_coloured_pillars_altar, basic_ecumenical_altar,
          minmay_misc_feat_ornament, minmay_box_of_dots, uniq_grinder,
          uniq_terence
D:4:      layout_basic, minmay_temple_entry_slanted, serial_shops, shop,
          uniq_edmund, uniq_blork_the_orc, uniq_menkaure
D:5:      nicolae_cairo_tiling_large_dashed, layout_basic, serial_rivers,
          chequers_serial_rivers_room_b, chequers_serial_rivers_micro_c,
          chequers_serial_rivers_small_b, chequers_serial_rivers_micro_d
D:6:      kennysheep_slugbush, layout_basic, abandoned_shop,
          minmay_misc_feat_rows
D:7:      layout_gridville, enter_bailey_2, chequers_serial_rivers_micro_e
D:8:      layout_basic, serial_glass, glass_columns_a, glass_columns_b,
          kennysheep_opposing_triangles
D:9:      layout_gridville, minmay_orc_entry_guard_dogs
Temple:   nicolae_temple_the_god_donut
Orc:1:    layout_caves, serial_shops,
          nicolae_shop_temple_entry_statues_fountains, nicolae_orc_crystal_geode
Orc:2:    st_orc_ogre_mass, layout_caves, serial_shops, nicolae_shop_stone,
          kennysheep_orc_chapel, uniq_azrael, uniq_snorg, uniq_donald

Skill      XL: |  1  2  3  4  5  6  7  8  9 10 11 |
---------------+----------------------------------+-----
Earth Magic    | 4 5 6 7 8 10 11 12 | 12.2
Conjurations   | 1 2 3 4 5 |  5.0
Spellcasting   | 3 4 5 6 7 8 9 |  9.3
Fighting       | 1 4 6 8 9 |  9.3
Armour         | 2 |  2.9
Dodging        | 2 |  2.9
Stealth        | |  2.1
Transmutations | |  0.7

Action                   |  1- 3 |  4- 6 |  7- 9 | 10-12 || total
-------------------------+-------+-------+-------+-------++-------
Melee: Unarmed           |     4 |       |       |       ||     4
       Dagger            |    59 |    22 |       |       ||    81
       Punch             |     1 |     1 |       |       ||     2
       Staff             |       |    15 |    10 |     2 ||    27
Throw: Stone             |       |    27 |       |       ||    27
       Dart              |       |     2 |       |       ||     2
 Cast: Sandblast         |    26 |    45 |     7 |    10 ||    88
       Stone Arrow       |       |     5 |   136 |   150 ||   291
       Blink             |       |       |       |     1 ||     1
Invok: Ancestor Life: Kn |       |       |       |     1 ||     1
  Use: Scroll            |       |       |     3 |       ||     3
       Potion            |       |       |       |     1 ||     1
 Stab: Sleeping          |     4 |       |       |       ||     4
Armor: Robe              |    16 |    32 |    10 |       ||    58
       Steam dragon scal |       |       |    15 |    27 ||    42
Dodge: Dodged            |    35 |    50 |    44 |    45 ||   174

Table legend: (Time is in decaauts)
 A = Elapsed time spent in this place.
 B = Non-inter-level travel time spent in this place.
 C = Inter-level travel time spent in this place.
 D = Time resting spent in this place.
 E = Time spent auto-exploring this place.
 F = Levels seen in this place.
 G = Mean time per level.
                   A        B        C        D        E       F      G
               +--------+--------+--------+--------+--------+-----+--------+
         Total |  13475 |  12941 |    534 |    115 |  11100 |  13 | 1036.5 |
       Dungeon |  10987 |  10530 |    457 |    115 |   9121 |   9 | 1220.8 |
        Temple |     65 |     55 |     10 |      0 |     45 |   1 |   65.0 |
  Orcish Mines |   1542 |   1475 |     67 |      0 |   1306 |   2 |  771.0 |
        Bailey |    880 |    880 |      0 |      0 |    627 |   1 |  880.0 |
               +--------+--------+--------+--------+--------+-----+--------+

Top non-repeatable levels by time:
     D:6: 1811 daAuts
     D:9: 1535 daAuts
   Orc:1: 1524 daAuts
     D:4: 1364 daAuts
     D:8: 1319 daAuts
     D:3: 1082 daAuts
     D:7: 1017 daAuts
     D:1: 1016 daAuts
     D:2: 934 daAuts
     D:5: 906 daAuts
  Bailey: 880 daAuts
  Temple: 65 daAuts
   Orc:2: 17 daAuts
